 Dungeon Crawl Stone Soup version 0.23.2 (webtiles) character file.

Game seed: 7373315569846832293

9047 myga the Slinger (level 11, 0/111 HPs)
             Began as a Halfling Abyssal Knight on Apr 5, 2019.
             Was a High Priest of Lugonu.
             Slain by a death yak (16 damage)
             ... on level 11 of the Dungeon.
             The game lasted 01:58:36 (13659 turns).

myga the Slinger (Halfling Abyssal Knight)         Turns: 13659, Time: 01:58:37

Health: 0/111      AC: 28    Str: 20    XL:     11   Next: 67%
Magic:  9/12       EV:  3    Int: 10    God:    Lugonu [*****.]
Gold:   11         SH: 17    Dex: 16    Spells: 10/10 levels left

rFire    . . .     SeeInvis .   u - +2 dagger (venom)
rCold    . . .     Gourm    .   x - +0 shield {AC+3}
rNeg     + + +     Faith    .   (armour currently unavailable)
rPois    +         Spirit   .   (helmet currently unavailable)
rElec    .         Reflect  +   (cloak currently unavailable)
rCorr    .         Harm     .   (gloves currently unavailable)
MR       +....     NoTele   +   (boots currently unavailable)
Stlth    ++........             p - +6 amulet of reflection
HPRegen  0.28/turn              D - ring of flight
MPRegen  0.13/turn              b - ring of protection from magic

@: mighty, tree-form, barbed spikes
A: small, mutation resistance 1
a: Depart the Abyss, Bend Space, Banish, Corrupt, Enter the Abyss, Renounce
Religion


You were on level 11 of the Dungeon.
You worshipped Lugonu.
Lugonu was extremely pleased with you.
You were hungry.
You were a tree.
You visited 1 branch of the dungeon, and saw 11 of its levels.
You visited the Abyss 1 time.
You also visited: Ossuary and Bailey.

You collected 1121 gold pieces.
You spent 1110 gold pieces at shops.

Inventory:

Hand Weapons
 s - a +0 hunting sling
 u - a +2 dagger of venom (weapon)
Missiles
 a - 52 tomahawks of returning (quivered)
 e - 324 stones
 k - 30 tomahawks
 y - 37 sling bullets
 H - 2 throwing nets
Armour
 m - a +0 helmet (melded)
 q - the +2 swamp dragon scales "Toot" (melded) {-Tele rElec rPois rN+ SInv}
   (You found it in a bailey)

   It insulates you from electricity.
   It protects you from poison.
   It protects you from negative energy.
   It lets you see invisible.
   It prevents most forms of teleportation.
 v - a +1 pair of boots (melded)
 x - a +0 shield of protection (worn)
 J - the +2 pair of gloves of Umelad (melded) {rN++}
   (You found it on level 7 of the Dungeon)

   It greatly protects you from negative energy.
 M - a scarf of cloud immunity (melded)
 O - a +0 troll leather armour
Jewellery
 b - a ring of protection from magic (right branch)
 i - an uncursed ring of poison resistance
 l - an uncursed ring of fire
 p - a +6 amulet of reflection (around neck)
 D - a ring of flight (left branch)
Wands
 w - a wand of polymorph (10)
 K - a wand of random effects (3)
Scrolls
 d - a scroll of fear
 f - 6 scrolls of enchant weapon
 h - 2 scrolls of enchant armour
 j - 4 scrolls of remove curse
 n - 5 scrolls of amnesia
 z - a scroll of noise
 C - 2 scrolls of magic mapping
 E - 7 scrolls of identify
 G - 10 scrolls of teleportation
 L - a scroll of silence
Potions
 g - 2 potions of ambrosia
 o - a potion of haste
 r - 5 potions of brilliance
 t - 2 potions of might
 A - 2 potions of magic
 F - 3 potions of flight
 I - a potion of lignification
 P - a potion of curing
Comestibles
 c - 18 rations


   Skills:
 + Level 6.9 Fighting
 + Level 7.6(7.9) Short Blades
   Level 2.1(4.5) Long Blades
 + Level 12.5(13.5) Slings
 + Level 6.2(8.6) Throwing
 + Level 4.4 Armour
 + Level 6.3 Dodging
 + Level 3.1 Stealth
 + Level 6.2 Shields
 + Level 2.5 Invocations
 + Level 0.3 Evocations


You had 10 spell levels left.
You didn't know any spells.
Your spell library contained the following spells:

 Spells                   Type           Power        Failure   Level  Hunger
 Confusing Touch          Hex            #.....       83%         1    ##.....
 Confuse                  Hex            #.......     99%         3    ####...
 Gell's Gravitas          Tloc           #.........   99%         3    ####...
 Petrify                  Tmut/Erth      #.......     100%        4    #####..
 Metabolic Englaciation   Hex/Ice        #.........   100%        5    ######.
 Yara's Violent Unravell  Hex/Tmut       #.........   100%        5    ######.


Dungeon Overview and Level Annotations

Branches:
Dungeon (11/15)            Temple (0/1) D:4            Lair (0/6) D:11
    Orc: D:9-12

Altars:
Okawaru

Shops:
D:4 !   D:5 *   D:9 }?[(   D:10 !


Innate Abilities, Weirdness & Mutations

You are small and have problems with some larger weapons.
You are somewhat resistant to further mutation.
((You have sharp toenails.))


Message History

The +2 pair of gloves of Umelad {rN++} melds into your body.
Your +1 pair of boots melds into your body.
The +2 swamp dragon scales "Toot" {-Tele rElec rPois rN+ SInv} melds into your body.
You feel vulnerable to the effects of clouds.
Your roots penetrate the ground.
You block the death yak's attack.
The death yak snorts and paws the ground.
You hit the death yak.
The death yak is lightly wounded.
The death yak gores you but does no damage.
The orc wizard casts a spell.
The orc wizard flickers and vanishes!
Deactivating autopickup; reactivate with Ctrl-A.
You barely miss the death yak.
The death yak is lightly wounded.
You block the death yak's attack. The death yak gores you!
* * * LOW HITPOINT WARNING * * *
You feel very mighty all of a sudden.
The death yak gores you but does no damage.
The death yak gores you!
You die...

+..##########§..#...#
#..# ......#...#...#
# #..+
......#...#...#.##
#.##
......#.......#..#
#.# ...............#
. ....Y......!..###
...##..hH...........
%......YYY......####
.......♣Y.#....##
#.....#.Y.#..^#..
.........#........
.... .........#....#
..# .......####. ..#
. ......... ..$#
...........
.............


You could see 6 death yaks, a manticore and a warg.

Vanquished Creatures
  2 two-headed ogres
  An orc knight (Bailey)
  A troll (D:10)
  A queen bee (D:8)
  A hippogriff (D:8)
  2 wraiths
  A hungry ghost (D:9)
  A steam dragon (D:8)
  2 wyverns (D:9)
  A water moccasin (D:6)
  3 ice beasts
  3 sky beasts
  11 orc warriors
  2 black bears
  6 ogres
  3 necrophages
  A phantom (D:4)
  A centaur (D:8)
  Blork the orc (D:4)
  2 elf zombies (Ossuary)
  5 bullfrogs
  4 scorpions
  15 killer bees
  4 howler monkeys
  A centaur zombie (D:8)
  3 crimson imps
  5 hounds
  2 jellies
  4 orc priests
  2 bullfrog skeletons
  4 iguanas
  Natasha (twice) (D:3)
  6 orc wizards
  7 worker ants
  A big kobold zombie (Ossuary)
  4 mummies (Ossuary)
  2 hound skeletons
  6 gnolls
  Robin (D:3)
  11 adders
  3 shadow imps
  3 adder skeletons
  2 adder zombies (Ossuary)
  4 worms
  3 dart slugs
  5 leopard geckos
  27 orcs
  7 bats
  5 giant cockroaches
  2 gnoll zombies (Ossuary)
  11 hobgoblins
  10 jackals
  20 kobolds
  4 quokkas
  A ball python (D:1)
  5 frilled lizards
  18 goblins
  A hobgoblin zombie (Ossuary)
  A jackal skeleton (D:5)
  A jackal zombie (Ossuary)
  A kobold zombie (Ossuary)
  A leopard gecko skeleton (D:4)
  A leopard gecko zombie (D:7)
  An orc zombie (Ossuary)
  A quokka skeleton (D:4)
  12 rats
  A rat zombie (Ossuary)
286 creatures vanquished.

Vanquished Creatures (others)
  2 centaurs
  2 orcs
  9 kobolds (Bailey)
13 creatures vanquished.

Grand Total: 299 creatures vanquished

Notes
Turn   | Place    | Note
-------+----------+-------------------------------------------
     0 | Abyss:1  | myga the Halfling Abyssal Knight began the quest for the
                  | Orb.
     0 | Abyss:1  | Reached XP level 1. HP: 15/15 MP: 2/2
    75 | Abyss:1  | Noticed a bone dragon
    92 | Abyss:1  | Noticed a starcursed mass
   106 | Abyss:1  | Noticed a starcursed mass
   111 | D:1      | Escaped the Abyss
   358 | D:1      | Reached XP level 2. HP: 12/21 MP: 3/3
   373 | D:1      | Reached * piety under Lugonu
   390 | D:1      | You fall through a shaft!
   611 | D:2      | Reached XP level 3. HP: 9/26 MP: 4/4
  1003 | D:2      | Reached skill level 1 in Short Blades
  1387 | D:2      | Reached XP level 4. HP: 12/31 MP: 5/5
  2155 | D:1      | Reached ** piety under Lugonu
  2729 | D:2      | You fall through a shaft for 2 floors!
  2730 | D:4      | Noticed a phantom
  3044 | D:3      | Reached XP level 5. HP: 36/36 MP: 6/6
  3180 | D:3      | Noticed Robin
  3189 | D:3      | Reached skill level 1 in Throwing
  3227 | D:3      | Gained mutation: You have sharp toenails. [potion of
                  | mutation]
  3268 | D:3      | Killed Robin
  3392 | D:3      | Reached skill level 1 in Stealth
  3692 | D:3      | Reached *** piety under Lugonu
  3705 | D:3      | Reached XP level 6. HP: 37/43 MP: 7/7
  3835 | D:3      | Noticed Natasha
  3852 | D:3      | Killed Natasha
  3869 | D:3      | Noticed Natasha
  3882 | D:3      | Killed Natasha
  4554 | D:4      | Killed a phantom
  4554 | D:4      | Reached skill level 1 in Shields
  4651 | D:4      | Found Juipti's Distillery.
  4805 | D:4      | Noticed Blork the orc
  4827 | D:4      | Killed Blork the orc
  4827 | D:4      | Reached XP level 7. HP: 35/47 MP: 8/8
  5224 | D:4      | Found a staircase to the Ecumenical Temple.
  5351 | D:4      | Reached XP level 8. HP: 37/54 MP: 9/9
  5639 | D:4      | Bought a potion of might for 44 gold pieces
  5639 | D:4      | Bought a potion of curing for 33 gold pieces
  5639 | D:4      | Bought a potion of lignification for 33 gold pieces
  5639 | D:4      | Bought a potion of heal wounds for 55 gold pieces
  5639 | D:4      | Bought a potion of heal wounds for 55 gold pieces
  5639 | D:4      | Bought a potion of heal wounds for 55 gold pieces
  5642 | D:5      | Entered Level 5 of the Dungeon
  5716 | D:5      | Reached skill level 1 in Slings
  5786 | D:5      | Reached skill level 2 in Slings
  5816 | D:5      | Reached skill level 3 in Slings
  5970 | D:5      | Found an iron altar of Okawaru.
  6051 | D:5      | Found Kycafol's Assorted Antiques.
  6253 | D:5      | Bought a black potion for 25 gold pieces
  6279 | D:6      | Found a sand-covered staircase.
  6284 | Ossuary  | Entered an ossuary
  6389 | Ossuary  | Reached skill level 5 in Short Blades
  6720 | Ossuary  | Reached skill level 4 in Slings
  6763 | Ossuary  | Reached skill level 5 in Slings
  6997 | D:6      | Reached skill level 6 in Slings
  7022 | D:6      | HP: 4/81 [orc priest/divine providence (14)]
  7176 | D:6      | HP: 1/54 [orc warrior/tomahawk (8)]
  7193 | D:6      | Reached XP level 9. HP: 42/59 MP: 10/10
  7415 | D:6      | Reached skill level 7 in Slings
  7665 | D:6      | Reached **** piety under Lugonu
  7810 | D:6      | Reached skill level 8 in Slings
  8435 | D:7      | Reached skill level 9 in Slings
  8614 | D:7      | Reached skill level 5 in Fighting
  8736 | D:7      | Got a pair of faintly glowing gloves
  8747 | D:7      | Identified the +2 pair of gloves of Umelad {rN++} (You
                  | found it on level 7 of the Dungeon)
  9077 | D:8      | Reached skill level 10 in Slings
  9127 | D:8      | Noticed a queen bee
  9141 | D:8      | Noticed a hippogriff
  9160 | D:8      | Reached XP level 10. HP: 31/67 MP: 11/11
  9178 | D:8      | HP: 5/102 [killer bee (6)]
  9179 | D:8      | HP: 2/102 [poisoned by a killer bee]
  9218 | D:7      | HP: 3/68 [killer bee (5)]
  9605 | D:8      | Reached skill level 5 in Shields
  9651 | D:8      | Reached skill level 5 in Dodging
  9728 | D:8      | Found a flagged portal.
  9750 | Bailey   | Entered a bailey
  9761 | Bailey   | Reached ***** piety under Lugonu
  9774 | Bailey   | Noticed an orc knight
  9835 | Bailey   | Killed an orc knight
  9835 | Bailey   | Reached skill level 11 in Slings
 10211 | Bailey   | Got transparent swamp dragon scales
 10213 | Bailey   | Got a crude halberd
 10237 | Bailey   | Identified the +2 swamp dragon scales "Toot" {-Tele rElec
                  | rPois rN+ SInv} (You found it in a bailey)
 10363 | D:8      | Noticed a two-headed ogre
 10436 | D:8      | Killed a two-headed ogre
 10436 | D:8      | Reached skill level 12 in Slings
 10598 | D:8      | Reached XP level 11. HP: 49/74 MP: 12/12
 11326 | D:9      | Found Cenley's Gadget Shoppe.
 11509 | D:9      | Noticed a two-headed ogre
 11534 | D:9      | Killed a two-headed ogre
 11534 | D:9      | Reached skill level 5 in Throwing
 11875 | D:9      | Found Everub's Magic Scroll Shop.
 11879 | D:9      | Found Sair's Armour Emporium.
 11904 | D:9      | Found Ycautula's Weapon Boutique.
 12083 | D:9      | Bought a +0 shield of protection for 184 gold pieces
 12083 | D:9      | Bought a scarf of cloud immunity for 112 gold pieces
 12137 | D:9      | Bought a scroll of enchant weapon for 105 gold pieces
 12137 | D:9      | Bought a scroll of fear for 49 gold pieces
 12171 | D:9      | Bought a wand of polymorph (10) for 168 gold pieces
 12171 | D:9      | Bought a wand of random effects (4) for 42 gold pieces
 12508 | D:10     | Entered Level 10 of the Dungeon
 13169 | D:10     | Found Vowayguibu's Distillery.
 13187 | D:10     | Bought a potion of lignification for 45 gold pieces
 13187 | D:10     | Bought a potion of might for 60 gold pieces
 13187 | D:10     | Bought a potion of lignification for 45 gold pieces
 13649 | D:11     | Noticed a death yak
 13649 | D:11     | Noticed a manticore
 13649 | D:11     | Noticed a death yak
 13652 | D:11     | Noticed a death yak
 13652 | D:11     | Noticed a death yak
 13652 | D:11     | Noticed a death yak
 13653 | D:11     | Noticed a death yak
 13654 | D:11     | Found a staircase to the Lair.
 13659 | D:11     | Slain by a death yak

Skill      XL: |  1  2  3  4  5  6  7  8  9 10 11 |
---------------+----------------------------------+-----
Fighting       | 3 4 5 6 |  6.9
Short Blades   | 1 2 3 4 5 6 7 |  7.6
Dodging        | 2 3 4 5 6 |  6.3
Throwing       | 1 2 3 6 |  6.2
Stealth        | 1 2 3 |  3.1
Shields        | 1 2 3 5 6 |  6.2
Armour         | 3 4 |  4.4
Slings         | 6 10 12 | 12.5
Long Blades    | |  2.1
Invocations    | |  2.5
Evocations     | |  0.3

Action                   |  1- 3 |  4- 6 |  7- 9 | 10-12 || total
-------------------------+-------+-------+-------+-------++-------
Melee: Dagger            |   153 |   320 |   265 |   496 ||  1234
       Falchion          |    10 |       |       |       ||    10
       Hunting sling     |       |       |     1 |       ||     1
 Fire: Hunting sling     |       |       |   383 |   237 ||   620
Throw: Stone             |    14 |   147 |    14 |       ||   175
       Tomahawk          |       |     5 |     2 |   119 ||   126
Invok: Depart the Abyss  |     1 |       |       |       ||     1
       Bend Space        |       |       |     1 |    10 ||    11
 Abil: Evoke Flight      |       |       |       |     1 ||     1
Evoke: Wand              |       |       |       |     1 ||     1
  Use: Scroll            |       |     5 |     9 |     3 ||    17
       Potion            |       |     3 |    10 |     9 ||    22
 Stab: Sleeping          |       |     3 |     3 |     2 ||     8
  Eat: Chunk             |     2 |     8 |     9 |    15 ||    34
       Ration            |       |     1 |     1 |       ||     2
Armor: Leather armour    |    36 |    46 |    33 |     5 ||   120
       Skin              |       |       |    31 |    44 ||    75
       Swamp dragon scal |       |       |       |    56 ||    56
Dodge: Dodged            |   112 |   133 |   139 |   173 ||   557
Block: Buckler           |       |    39 |   264 |   248 ||   551
       Reflection        |       |       |     9 |    48 ||    57
       Shield            |       |       |       |   129 ||   129
       Rpst.: Falchion   |     2 |       |       |       ||     2
